 Dungeon Crawl Stone Soup version 0.30.0-10-gfe55d96785 (webtiles) character file.

Game seed: 1395113421833420629

1222 qw the Cleaver (level 8, -3/49 HPs)
             Began as a Gargoyle Cinder Acolyte on May 15, 2023.
             Was an Elder of Ignis.
             Slain by Duvessa
             ... wielding a +5 short sword of venom
              (11 damage)
             ... on level 5 of the Dungeon.
             The game lasted 00:03:01 (5090 turns).

qw the Cleaver (Gargoyle Cinder Acolyte)            Turns: 5090, Time: 00:03:01

Health: -3/49      AC: 23    Str: 23 (25) XL:     8   Next: 47%
Magic:  9/9        EV: 10    Int: 15 (16) God:    Ignis [****..]
Gold:   245        SH:  3    Dex:  4 (5)  Spells: 9/9 levels left

rFire   + . .        Y - +0 war axe
rCold   . . .        l - +0 buckler
rNeg    + + .        b - +6 leather armour of Duck's Teeth {-Cast Will+ Str+6}
rPois   inf          e - +0 helmet
rElec   +            (no cloak)
rCorr   .            (no gloves)
SInv    .            (no boots)
Will    +....        (no amulet)
Stlth   +            h - ring of positive energy
HPRegen 0.28/turn    (no ring)
MPRegen 0.11/turn

%: no spellcasting
@: about to teleport, fiery-armoured
A: sickness immunity, AC +5, negative energy resistance 1, electricity
resistance, torment resistance 1, petrification resistance
a: Renounce Religion, Fiery Armour, Foxfire Swarm, Rising Flame


You were on level 5 of the Dungeon.
You worshipped Ignis.
Ignis was greatly pleased with you.
You visited 1 branch of the dungeon, and saw 5 of its levels.
You also visited: Sewer.

You collected 245 gold pieces.


Innate Abilities, Weirdness & Mutations

You are immune to sickness and miasma.
Your stone body is resilient. (AC +5)
You are immune to poison.
You resist negative energy. (rN+)
You are resistant to electric shocks. (rElec)
You are resistant to unholy torment.
You are immune to petrification.


   Skills:
 + Level 5.3 Fighting
 - Level 8.0 Axes
 - Level 0.1 Throwing
 - Level 2.5 Armour
 - Level 3.0 Shields
 - Level 1.0 Spellcasting
 - Level 3.0 Fire Magic


You had 9 spell levels left.
You didn't know any spells.
Your spell library contained the following spells:

 Spells                   Type           Power      Damage    Failure   Level
 Scorch                   Fire           18%        2d5       16%         2

Inventory:

Hand Weapons
 m - a +0 morningstar
 Y - a +0 war axe (weapon)
Armour
 b - the +6 leather armour of Duck's Teeth (worn) {-Cast Will+ Str+6}
   (You found it on level 2 of the Dungeon)

   Str:       It affects your strength (+6).
   -Cast:     It prevents spellcasting.
   Will:      It increases your willpower.
 e - a +0 helmet (worn)
 l - a +0 buckler (worn)
Jewellery
 h - a ring of positive energy (left hand)
Scrolls
 a - 4 scrolls of teleportation
 c - a scroll of identify
Potions
 f - a potion of resistance
 g - a potion of might
 i - a potion of mutation
 j - 2 potions of curing
 o - a potion of ambrosia {unknown}

Dungeon Overview and Level Annotations

Branches:
Dungeon (5/15)             Temple (0/1) D:4           Sewer (visited)

Altars:
Fedhas
Hepliaklqana

Annotations:
D:5 Duvessa


Message History

You barely miss Duvessa. Duvessa barely misses you. Dowan closely misses you.
Duvessa completely misses you.
You slash Dowan!
You kill Dowan!
Duvessa weeps, and shakes her weapon.
Duvessa goes berserk!
You hit Duvessa. Duvessa hits you but does no damage.
Your Axes skill increases to level 8!
You hit Duvessa but do no damage.
Duvessa is lightly wounded.
Duvessa hits you with a +5 short sword of venom!
Duvessa completely misses you.
You barely miss Duvessa.
Duvessa is lightly wounded.
Duvessa hits you with a +5 short sword of venom.
Duvessa hits you but does no damage.
You slash Duvessa!
Duvessa is moderately wounded.
Duvessa hits you with a +5 short sword of venom.
Duvessa hits you but does no damage.
Duvessa is burned by your cloak of flames.
Duvessa is heavily wounded.
You barely miss Duvessa.
Duvessa is heavily wounded.
Duvessa hits you with a +5 short sword of venom!
Duvessa is burned by your cloak of flames.
Duvessa is heavily wounded.
You hit Duvessa but do no damage.
Duvessa is heavily wounded.
Duvessa hits you with a +5 short sword of venom!
Duvessa is burned by your cloak of flames.
Duvessa is heavily wounded.
Duvessa barely misses you.
5090 ||| READING 5 scrolls of teleportation.
As you read the scroll of teleportation, it crumbles to dust.
You feel strangely unstable.
You hear the slow hiss of an avalanche of sand very nearby.
Duvessa hits you with a +5 short sword of venom!
You die...

#.# #.# #.# ##
#.######
..#####......#
...##......#
#####.##......##
..#....$...@e(.# #
###.#.#.##....)..#
#.#<#.#.#.########.#
##.....#.#.####### #
..................
....<#.#.#.#######
######...#.#
.....#.# .......#.#


You could see Duvessa (berserk, fast).

Vanquished Creatures
  Menkaure (D:5)
  8 kobold brigands (Sewer)
  Blork the orc (D:4)
  A scorpion (D:3)
  Dowan (D:5)
  3 orc priests
  Ijyb (D:4)
  2 orc wizards (D:3)
  8 adders
  4 river rats
  A worm (D:3)
  2 dart slugs (D:3)
  10 orcs
  5 bats
  11 endoplasms
  13 goblins
  9 hobgoblins
  3 quokkas
  13 ball pythons
  3 frilled lizards
  12 kobolds
  10 rats
  A butterfly (D:1)
123 creatures vanquished.

Notes
Turn   | Place    | Note
-------+----------+-------------------------------------------
     0 | D:1      | qw the Gargoyle Cinder Acolyte began the quest for the Orb.
     0 | D:1      | Reached XP level 1. HP: 14/14 MP: 2/2
     0 | D:1      | 0 ||| qw: Version: 0.2-a-94-g6f95ed7
     0 | D:1      | 0 ||| qw: Game counter: 31
     0 | D:1      | 0 ||| qw: Always use a shield: true
     0 | D:1      | 0 ||| qw: God list: Okawaru
     0 | D:1      | 0 ||| qw: Allow faded altars: false
     0 | D:1      | 0 ||| qw: Do Orc after D:15 true
     0 | D:1      | 0 ||| qw: Do second Lair branch before Depths: true
     0 | D:1      | 0 ||| qw: Lair rune preference: random
     0 | D:1      | 0 ||| qw: Plans: Normal
     0 | D:1      | 0 ||| PLANNING D:1-11
    43 | D:1      | 43 ||| INVOKING Fiery Armour.
   222 | D:1      | Reached skill level 3 in Axes
   224 | D:1      | 224 ||| INVOKING Fiery Armour.
   230 | D:1      | Reached XP level 2. HP: 12/19 MP: 3/3
   230 | D:1      | 230 ||| Stepping ~*~*~tactically~*~*~ (stealth).
   593 | D:1      | 593 ||| Stepping ~*~*~tactically~*~*~ (hiding).
   594 | D:1      | 594 ||| Stepping ~*~*~tactically~*~*~ (hiding).
   596 | D:1      | 596 ||| Stepping ~*~*~tactically~*~*~ (hiding).
   601 | D:1      | Reached XP level 3. HP: 23/23 MP: 4/4
   912 | D:1      | 912 ||| UPGRADING to +0 leather armour.
   922 | D:1      | 922 ||| DROPPING +0 robe.
   923 | D:1      | 923 ||| UPGRADING to +0 helmet.
   928 | D:1      | 928 ||| UPGRADING to ring of positive energy.
   929 | D:1      | 929 ||| READING 2 scrolls labelled GUCVUZ HIONUN.
   932 | D:1      | 932 ||| READING 2 scrolls labelled RUERGH CIALI.
   933 | D:1      | 933 ||| READING scroll labelled BAYZEOZ SEL SIR.
   934 | D:1      | 934 ||| READING scroll labelled DUDDUF ZEF.
   980 | D:1      | 980 ||| DROPPING +0 club.
   981 | D:1      | 981 ||| DROPPING scroll of fog.
  1016 | D:2      | 1016 ||| Stepping ~*~*~tactically~*~*~ (stealth).
  1040 | D:2      | Identified the +6 leather armour of Duck's Teeth {-Cast
                  | Will+ Str+6}
  1198 | D:2      | Reached skill level 4 in Axes
  1564 | D:2      | 1564 ||| Stepping ~*~*~tactically~*~*~ (hiding).
  1566 | D:2      | 1566 ||| Stepping ~*~*~tactically~*~*~ (hiding).
  1568 | D:2      | 1568 ||| Stepping ~*~*~tactically~*~*~ (hiding).
  1681 | D:2      | Found a faded altar of an unknown god.
  1774 | D:2      | 1774 ||| UPGRADING to +6 leather armour of Duck's Teeth
                  | {-Cast Will+ Str+6}.
  1784 | D:2      | 1784 ||| DROPPING +0 leather armour.
  1785 | D:2      | 1785 ||| READING scroll labelled LUIHUCWAIWU.
  1786 | D:2      | 1786 ||| READING scroll labelled FOESIPHIUNOG.
  1787 | D:2      | 1787 ||| READING 2 scrolls labelled OGYEQI XYOTERAL.
  1788 | D:2      | 1788 ||| READING scroll labelled GAVA RIGGYI.
  1789 | D:2      | 1789 ||| DRINKING 2 red potions.
  1821 | D:2      | 1821 ||| DRINKING 2 viscous ruby potions.
  1822 | D:2      | 1822 ||| DROPPING potion of lignification.
  1823 | D:2      | 1823 ||| DROPPING scroll of noise.
  1846 | D:3      | Found a glowing drain.
  1847 | D:3      | 1847 ||| PLANNING SEWER
  1847 | D:3      | 1847 ||| STAIRDANCE
  1852 | D:3      | 1852 ||| STAIRDANCE
  1890 | D:3      | 1890 ||| STAIRDANCE
  1907 | D:2      | Reached XP level 4. HP: 28/28 MP: 5/5
  1961 | Sewer    | Entered a sewer
  1989 | Sewer    | 1989 ||| Stepping ~*~*~tactically~*~*~ (water).
  1998 | Sewer    | Noticed a kobold brigand
  2022 | Sewer    | 2022 ||| INVOKING Fiery Armour.
  2024 | Sewer    | Killed a kobold brigand
  2025 | Sewer    | Reached skill level 5 in Axes
  2025 | Sewer    | Reached XP level 5. HP: 12/32 MP: 6/6
  2135 | Sewer    | Noticed a kobold brigand
  2142 | Sewer    | Killed a kobold brigand
  2152 | Sewer    | Noticed a kobold brigand
  2167 | Sewer    | Killed a kobold brigand
  2168 | Sewer    | Reached XP level 6. HP: 32/38 MP: 7/7
  2301 | Sewer    | Reached skill level 6 in Axes
  2488 | Sewer    | Reached XP level 7. HP: 36/43 MP: 8/8
  2589 | Sewer    | 2589 ||| READING scroll of enchant weapon.
  2589 | Sewer    | 2589 ||| ENCHANTING +0 hand axe of protection.
  2632 | Sewer    | Reached skill level 7 in Axes
  2746 | Sewer    | 2746 ||| Stepping ~*~*~tactically~*~*~ (water).
  2781 | Sewer    | 2781 ||| READING scroll labelled DADOORUO SAMOA.
  2808 | D:3      | 2808 ||| PLANNING D:1-11
  2843 | D:3      | 2843 ||| Stepping ~*~*~tactically~*~*~ (stealth).
  2845 | D:3      | 2845 ||| Stepping ~*~*~tactically~*~*~ (hiding).
  2850 | D:3      | 2850 ||| Stepping ~*~*~tactically~*~*~ (hiding).
  2914 | D:3      | Found a blossoming altar of Fedhas.
  3074 | D:3      | 3074 ||| SWAPPING to +0 war axe.
  3075 | D:3      | 3075 ||| DROPPING +1 hand axe of protection.
  3288 | D:3      | 3288 ||| Stepping ~*~*~tactically~*~*~ (hiding).
  3289 | D:3      | 3289 ||| Stepping ~*~*~tactically~*~*~ (stealth).
  3290 | D:3      | 3290 ||| Stepping ~*~*~tactically~*~*~ (stealth).
  3344 | D:3      | 3344 ||| Stepping ~*~*~tactically~*~*~ (hiding).
  3615 | D:3      | Reached XP level 8. HP: 49/49 MP: 9/9
  3832 | D:3      | 3832 ||| UPGRADING to +0 buckler.
  3837 | D:3      | 3837 ||| DRINKING 2 metallic coppery potions.
  3838 | D:3      | 3838 ||| DRINKING 2 viscous silvery potions.
  3839 | D:3      | 3839 ||| READING 2 scrolls of identify.
  3839 | D:3      | 3839 ||| IDENTIFYING fizzy inky potion
  3840 | D:3      | 3840 ||| DROPPING potion of brilliance.
  3841 | D:3      | 3841 ||| DROPPING potion of degeneration.
  3886 | D:4      | Noticed Blork the orc
  3894 | D:4      | Killed Blork the orc
  3895 | D:4      | Reached skill level 1 in Shields
  3916 | D:4      | 3916 ||| Stepping ~*~*~tactically~*~*~ (stealth).
  3981 | D:4      | 3981 ||| Stepping ~*~*~tactically~*~*~ (stealth).
  4012 | D:4      | 4012 ||| Stepping ~*~*~tactically~*~*~ (stealth).
  4184 | D:4      | 4184 ||| Stepping ~*~*~tactically~*~*~ (hiding).
  4186 | D:4      | 4186 ||| Stepping ~*~*~tactically~*~*~ (hiding).
  4188 | D:4      | 4188 ||| Stepping ~*~*~tactically~*~*~ (hiding).
  4430 | D:4      | 4430 ||| Stepping ~*~*~tactically~*~*~ (stealth).
  4448 | D:4      | Found a staircase to the Ecumenical Temple.
  4599 | D:4      | 4599 ||| Stepping ~*~*~tactically~*~*~ (hiding).
  4600 | D:4      | 4600 ||| Stepping ~*~*~tactically~*~*~ (hiding).
  4602 | D:4      | 4602 ||| Stepping ~*~*~tactically~*~*~ (hiding).
  4729 | D:4      | Noticed Ijyb
  4730 | D:4      | 4730 ||| Stepping ~*~*~tactically~*~*~ (hiding).
  4731 | D:4      | 4731 ||| Stepping ~*~*~tactically~*~*~ (hiding).
  4732 | D:4      | 4732 ||| Stepping ~*~*~tactically~*~*~ (hiding).
  4741 | D:4      | Killed Ijyb
  4746 | D:4      | 4746 ||| Stepping ~*~*~tactically~*~*~ (hiding).
  4751 | D:4      | 4751 ||| INVOKING Fiery Armour.
  4753 | D:4      | Reached skill level 3 in Shields
  4833 | D:4      | 4833 ||| DROPPING +0 whip.
  4844 | D:4      | Found a hazy altar of Hepliaklqana.
  4907 | D:4      | 4907 ||| READING scroll labelled PICISO QAZXEO.
  5008 | D:4      | 5008 ||| READING 2 scrolls of identify.
  5008 | D:4      | 5008 ||| IDENTIFYING bubbling emerald potion
  5045 | D:5      | Entered Level 5 of the Dungeon
  5046 | D:5      | 5046 ||| PLANNING OSSUARY
  5067 | D:5      | Noticed Menkaure
  5075 | D:5      | Noticed Dowan
  5076 | D:5      | 5076 ||| INVOKING Fiery Armour.
  5077 | D:5      | Killed Menkaure
  5079 | D:5      | Noticed Duvessa
  5084 | D:5      | Killed Dowan
  5085 | D:5      | Reached skill level 8 in Axes
  5089 | D:5      | HP: 7/49 [Duvessa/+5 short sword of venom (14)]
  5090 | D:5      | 5090 ||| READING 5 scrolls of teleportation.
  5090 | D:5      | Slain by Duvessa

Levels and vault maps discovered:
D:1:      spicycebolla_arrival_clurvy, layout_basic
D:2:      layout_loops_ring, dreamdust_ecumenical_altar_sealed_demon
D:3:      layout_basic, mainiacjoe_overflow_alcove_4, portal_sewer_entry_a
D:4:      cheibrodos_helix_gallery, layout_gridville, lemuel_round_altar,
          minmay_temple_entry_offerings, uniq_ijyb, uniq_blork_the_orc
D:5:      layout_basic, lemuel_coloured_pillars_altar,
          gup_ossuary_entry_pyramid, uniq_menkaure, uniq_duvessa,
          uniq_crazy_yiuf_cottage

Skill      XL: |  1  2  3  4  5  6  7  8 |
---------------+-------------------------+-----
Axes           | 3 4 5 6 7 8 |  8.0
Armour         | 2 |  2.5
Fighting       | 4 5 |  5.3
Shields        | 3 |  3.0
Throwing       | |  0.1
Spellcasting   | |  1.0
Fire Magic     | |  3.0

Action                     |  1- 3 |  4- 6 |  7- 9 || total
---------------------------+-------+-------+-------++-------
  Melee: Hand axe          |   169 |   142 |   114 ||   425
         Punch             |       |     3 |     1 ||     4
         War axe           |       |       |   116 ||   116
  Throw: Javelin           |       |       |    24 ||    24
 Invoke: Fiery Armour      |     2 |     1 |     2 ||     5
    Use: Scroll            |     8 |       |     6 ||    14
         Potion            |     2 |       |     2 ||     4
   Stab: Sleeping          |     1 |       |       ||     1
 Armour: Robe              |    28 |       |       ||    28
         Leather armour    |    43 |    57 |   111 ||   211
  Dodge: Dodged            |   106 |    59 |    94 ||   259
  Block: Buckler           |       |       |    13 ||    13

Table legend:
 A = Non-vault XP
 B = Vault XP
 C = Vault XP percentage of total XP
 D = Non-vault monster count
 E = Vault monster count
 F = Vault count percentage of total count
                 A         B        C        D         E       F
            +---------+---------+-------+---------+---------+-------
      Total |     460 |    1287 |  73.7 |      81 |      41 |  33.6
            +---------+---------+-------+---------+---------+-------
        D:1 |      38 |       0 |   0.0 |      23 |       0 |   0.0
        D:2 |      28 |      14 |  33.3 |      17 |       2 |  10.5
        D:3 |     250 |      17 |   6.4 |      22 |       5 |  18.5
        D:4 |     142 |     142 |  50.0 |      18 |       4 |  18.2
        D:5 |       2 |     244 |  99.2 |       1 |       2 |  66.7
      Sewer |       0 |     870 | 100.0 |       0 |      28 | 100.0
            +---------+---------+-------+---------+---------+-------
